[Event "*** SCC Grand Prix: Titled Tuesday Blitz"]
[Site "Chess.com"]
[Date "2020.09.08"]
[Round "4"]
[White "Annawel"]
[Black "crescentmoon2411"]
[Result "1/2-1/2"]
[WhiteElo "2948"]
[BlackElo "2771"]
[TimeControl "180+1"]
[EndTime "10:39:40 PDT"]
[Termination "Game drawn by repetition"]

1. e4 e6 2. d4 d5 3. Nc3 Bb4 4. Ne2 dxe4 5. a3 Bxc3+ 6. Nxc3 Nf6 7. Bg5 Nbd7 8. Nxe4 h6 9. Bh4 a6 10. Qf3 g5 11.
Bg3 Nxe4 12. Qxe4 c6 13. h4 Nf6 14. Qe5 Rg8 15. O-O-O Nh5 16. Bh2 Qd5 17. Be2 Qxe5 18. Bxe5 Nf4 19. Bf3 Ke7 20. hxg5 hxg5 21. c4 Ng6 22.
Bc7 Bd7 23. c5 Rh8 24. Bd6+ Kf6 25. Bh5 Kg7 26. g3 f6 27. Kd2 Rh6 28. Bf3 Rah8 29.
Ke3 Kf7 30. b4 Ne7 31. g4 Nd5+ 32. Kd2 Rh3 33. Bg3 Rxh1 34. Rxh1 Rxh1 35. Bxh1 Ne7 36. a4 Nd5 37. Bxd5 exd5 38. f3 f5 39. gxf5 Bxf5 40. Ke3 Bc2 41. a5 Kg6 42. Bc7 Kf5 43. Bd8 Ba4 44. Kf2 Bd1 45. Ke3 Ba4 46. Be7 Bd1 47.
Bd8 Ba4 1/2-1/2

[Event "*** SCC Grand Prix: Titled Tuesday Blitz"]
[Site "Chess.com"]
[Date "2020.09.08"]
[Round "4"]
[White "nrvisakh"]
[Black "Sashadav97"]
[Result "1-0"]
[WhiteElo "2741"]
[BlackElo "2536"]
[TimeControl "180+1"]
[EndTime "10:39:40 PDT"]
[Termination "nrvisakh won by resignation"]

1. e4 c5 2. Nf3 Nc6 3. d4 cxd4 4.
Nxd4 Nf6 5. Nc3 d6 6. Bg5 e6 7. Qd2 a6 8. O-O-O Bd7 9. f4 Be7 10. Kb1 b5 11. Bxf6 Bxf6 12. Nf3 Be7 13. g4 Qc7 14. h4 O-O 15. g5 Rfd8 16. h5 Na5 17. g6 fxg6 18. hxg6 h6 19. f5 Bf6 20. fxe6 Bxe6 21.
Nd5 Bxd5 22. Qxd5+ Kh8 23. Ng5 Bxg5 24. Qxg5 Nc4 25.
Bxc4 bxc4 26. Rdf1 Rf8 27. Rfg1 Kg8 28. Qd5+ Kh8 29. a4 Rab8 30. a5 Rf6 31. Qg5 Rbf8 32. Rxh6+ 1-0

[Event "*** SCC Grand Prix: Titled Tuesday Blitz"]
[Site "Chess.com"]
[Date "2020.09.08"]
[Round "4"]
[White "KNCP_719"]
[Black "barbosean"]
[Result "1-0"]
[WhiteElo "2570"]
[BlackElo "2303"]
[TimeControl "180+1"]
[EndTime "10:39:40 PDT"]
[Termination "KNCP_719 won by resignation"]

1. Nf3 Nf6 2. c4 e6 3. g3 Be7 4.
Bg2 O-O 5. O-O d5 6. b3 c5 7.
Bb2 Nc6 8. cxd5 Nxd5 9. Nc3 Bf6 10. Qc1 b6 11. Nxd5 exd5 12. d4 c4 13. bxc4 dxc4 14.
Qxc4 Na5 15. Qd3 Bb7 16. e4 Rc8 17. Rac1 Qd7 18. e5 Be7 19. Rfd1 Bd5 20. h4 h6 21.
Kh2 Qe6 22. Bh3 f5 23. exf6 Qxf6 24. Rxc8 Rxc8 25. Bxc8 Bxf3 26. Re1 Bd5 27. Qe3 Kf8 28.
Be6 Bxe6 29. Qxe6 Qxf2+ 30. Kh3 Qf6 31. Qxf6+ Bxf6 32. Rc1 b5 33. Rc7 Nc4 34. Bc3 a5 35. a4 b4 36. Rxc4 bxc3 37. Rxc3 Bxd4 38. Rc6 Be3 39.
Kg4 Bd2 40. Kf5 Kf7 41. Rc7+ Kg8 42. Kg6 Kf8 43. Rxg7 h5 44. Rf7+ Ke8 45. Rf5 1-0

[Event "*** SCC Grand Prix: Titled Tuesday Blitz"]
[Site "Chess.com"]
[Date "2020.09.08"]
[Round "4"]
[White "SamuelGhimpu2003"]
[Black "vugarrasulov"]
[Result "0-1"]
[WhiteElo "2509"]
[BlackElo "2833"]
[TimeControl "180+1"]
[EndTime "10:39:41 PDT"]
[Termination "vugarrasulov won by resignation"]

1. d4 Nf6 2. Nc3 e6 3. e4 d5 4.
e5 Nfd7 5. f4 c5 6. Nf3 Nc6 7. Be3 Qb6 8. Na4 Qa5+ 9. c3 c4 10.
b4 Nxb4 11. cxb4 Bxb4+ 12. Kf2 b5 13. a3 Be7 14. Nc5 Nxc5 15. dxc5 Qc7 16. Qb1 Rb8 17. Be2 Bxc5 18. Qc1 Bd7 19. Bxc5 Qxc5+ 20. Qe3 Rc8 21. Qxc5 Rxc5 22. Ke3 Ke7 23. Kd4 Rhc8 24. Kc3 R5c6 25. Nd4 Rb6 26. Rhb1 a5 27. Rb2 Rcb8 28. Rab1 f6 29. Bd1 g5 30. exf6+ Kxf6 31. fxg5+ Ke7 32. Nf3 Kd6 33. Rd2 Kc5 34. Be2 b4+ 35. axb4+ axb4+ 36. Kc2 c3 37. Rd4 e5 38. Rh4 Bf5+ 39. Kc1 Bxb1 40.
Kxb1 e4 41. Ne5 Kd4 42. Nd7 Ke3 43. Nxb6 Rxb6 44. Bd1 d4 45. Rxh7 d3 46. Rh6 Rb8 47. Rd6 b3 0-1

[Event "*** SCC Grand Prix: Titled Tuesday Blitz"]
[Site "Chess.com"]
[Date "2020.09.08"]
[Round "4"]
[White "GaboSalazar2001"]
[Black "Anna_ChessMate"]
[Result "1-0"]
[WhiteElo "2347"]
[BlackElo "2507"]
[TimeControl "180+1"]
[EndTime "10:39:42 PDT"]
[Termination "GaboSalazar2001 won on time"]

1. e4 c6 2. Nc3 d5 3. Nf3 Bg4 4. h3 Bxf3 5. gxf3 e5 6. exd5 cxd5 7. Bb5+ Nc6 8. Qe2 Bd6 9. d4 Ne7 10. dxe5 Bb4 11. Bd2 O-O 12. Bxc6 bxc6 13. Rg1 Nf5 14. Qd3 Qc8 15. O-O-O Re8 16. Rg5 g6 17. Rdg1 Ng7 18. f4 Ne6 19. R5g2 Nc5 20. Qg3 Bxc3 21. Bxc3 Ne4 22.
Qf3 Qf5 23. Rg5 Nxg5 24. Rxg5 Qe4 25. Qg3 d4 26. Bd2 h6 27. Rg4 h5 28. Rg5 Kh7 29. f3 Qe2 30. f5 Rg8 31. e6 Rae8 32. b3 Rxe6 33. fxe6 Qxe6 34. Re5 1-0

[Event "*** SCC Grand Prix: Titled Tuesday Blitz"]
[Site "Chess.com"]
[Date "2020.09.08"]
[Round "4"]
[White "tmr88"]
[Black "Chess_Dog06"]
[Result "0-1"]
[WhiteElo "2030"]
[BlackElo "2271"]
[TimeControl "180+1"]
[EndTime "10:39:43 PDT"]
[Termination "Chess_Dog06 won on time"]

1. e4 c6 2. d4 d5 3. Nc3 dxe4 4. Nxe4 Nf6 5. Nxf6+ exf6 6. c3 Bd6 7. Bd3 O-O 8.
Qc2 Re8+ 9. Ne2 h5 10. O-O Nd7 11. Ng3 h4 12. Nf5 h3 13. Nxd6 Re6 14. Nf5 hxg2 15. Kxg2 Nf8 16. Bf4 Ng6 17. Bg3 Re8 18.
Rae1 Be6 19. Nd6 Re7 20. Bxg6 fxg6 21. Qxg6 Qd7 22. Qh5 Rf8 23. Re3 f5 24. Bf4 Bd5+ 25.
Kg1 Rxe3 26. fxe3 Qe6 27. Kf2 Rf6 28. Be5 Rg6 29. Rg1 Rh6 30. Qe8+ Qxe8 31. Nxe8 g6 32. Nf6+ Kf7 33. Nxd5 cxd5 34. Kg3 b5 35. Kf2 Rh5 36. b3 b4 37. cxb4 g5 38. a4 Ke6 39. b5 f4 40. a5 Rxh2+ 41. Rg2 fxe3+ 42. Kg3 e2 43. Rxe2 Rxe2 44. b6 axb6 45. axb6 Re3+ 46. Kg4 Rxb3 47. Bc7 Rb4 48. Kxg5 Kd7 49. Kf5 Kc6 50. Ke5 Rb1 51. Bd8 Re1+ 52. Kf5 Rf1+ 53. Ke5 Re1+ 54. Kf5 Kb7 55. Kf6 Re4 56. Bc7 Rxd4 57. Ke5 Rd1 58.
Bd8 Kc6 59. Bc7 Re1+ 0-1

[Event "*** SCC Grand Prix: Titled Tuesday Blitz"]
[Site "Chess.com"]
[Date "2020.09.08"]
[Round "4"]
[White "VladaSviridova"]
[Black "Bastiandash"]
[Result "0-1"]
[WhiteElo "2288"]
[BlackElo "2412"]
[TimeControl "180+1"]
[EndTime "10:39:44 PDT"]
[Termination "Bastiandash won on time"]

1. d4 Nf6 2. c4 e6 3. Nf3 Bb4+ 4. Bd2 a5 5. g3 O-O 6. Bg2 d5 7. Qc2 c5 8. O-O Nc6 9. cxd5 Nxd4 10. Nxd4 cxd4 11.
dxe6 Bxe6 12. Bxb7 Rb8 13. Bxb4 axb4 14. Bg2 Qb6 15.
Nd2 Rfc8 16. Qd3 g6 17. Nb3 Rd8 18. Rfc1 Bf5 19. Qd2 Ne4 20. Qf4 Re8 21. g4 Bxg4 22. Qxg4 f5 23. Qf4 Rb7 24. Bxe4 fxe4 25. Nc5 Rf7 26. Qh6 Qf6 27. Rf1 Qe5 28. Nb3 Rf5 29.
Kh1 Rh5 30. Qxh5 gxh5 31. Rg1+ Kf7 32. Rg3 Qf6 33. Rag1 Rd8 34. Nc5 Qe5 35. Rg5 Qf6 36. R5g3 Re8 0-1

[Event "*** SCC Grand Prix: Titled Tuesday Blitz"]
[Site "Chess.com"]
[Date "2020.09.08"]
[Round "4"]
[White "narutosmith"]
[Black "gagtemp"]
[Result "1-0"]
[WhiteElo "2255"]
[BlackElo "1963"]
[TimeControl "180+1"]
[EndTime "10:39:46 PDT"]
[Termination "narutosmith won by checkmate"]

1. c4 e6 2. Nc3 d5 3. cxd5 exd5 4. d4 c5 5. Nf3 Nc6 6. g3 Nf6 7. Bg2 Be7 8. dxc5 Bxc5 9. O-O O-O 10. Bg5 d4 11. Na4 Be7 12. Rc1 Bg4 13. h3 Be6 14.
b3 Qd7 15. Nc5 Bxc5 16. Rxc5 Ne4 17. Ne5 Nxe5 18. Bxe4 f6 19. Qc2 Bxh3 20. Bxh7+ Kh8 21. Rc1 Nc6 22. Bf4 g5 23. Bf5 Bxf5 24. Rxf5 gxf4 25. Rh5+ Kg8 26. Qg6+ Qg7 27. Qf5 fxg3 28. Rh3 gxf2+ 29. Kxf2 Ne7 30. Qe6+ Rf7 31. Rg1 Ng6 32. Rhg3 Rf8 33. Rxg6 d3 34. Rxg7+ Kh8 35. Rxf7 Rxf7 36. Qxf7 f5 37.
Qg7# 1-0

[Event "*** SCC Grand Prix: Titled Tuesday Blitz"]
[Site "Chess.com"]
[Date "2020.09.08"]
[Round "4"]
[White "Hikaru"]
[Black "jhonnyuribe"]
[Result "1-0"]
[WhiteElo "3208"]
[BlackElo "2508"]
[TimeControl "180+1"]
[EndTime "10:39:47 PDT"]
[Termination "Hikaru won by resignation"]

1. Nf3 c5 2. e4 b6 3. d4 cxd4 4. Nxd4 Bb7 5. Bd3 e6 6. O-O a6 7. c4 d6 8. Nc3 Nd7 9. Qe2 Ngf6 10. Rd1 Be7 11. b3 O-O 12. Bb2 Rc8 13. Rac1 Re8 14. Qe3 Qc7 15. Bf1 Qb8 16. f3 Bf8 17. Qf2 Qa8 18. Re1 g6 19. Rcd1 Rc7 20. Kh1 Rec8 21. Nce2 e5 22. Nc2 b5 23. Ne3 Qa7 24. Nc3 bxc4 25.
Bxc4 Nb6 26. Qe2 Nxc4 27. Nxc4 Nh5 28. Qd2 Nf4 29. Ne2 Ne6 30. Ba3 Rd7 31. Nc3 Nd4 32.
Na4 Rcd8 33. Bb2 Nb5 34. Nab6 Rc7 35. Bxe5 Rc6 36. Bf6 Re8 37. Nd5 Rc5 38. a4 Bxd5 39. exd5 Rxe1+ 40. Qxe1 Nc7 41. Bd4 Qb7 42. Bxc5 dxc5 43.
d6 Ne6 44. d7 Be7 45. Qe3 Qc7 46. Qe5 Qd8 47. Qd5 Bf6 48. Ne5 Bxe5 49. Qxe5 a5 50.
Qd6 Kg7 51. h3 h5 52. Qc6 Nd4 53. Qxc5 Ne6 54. Qc8 Kf8 55. Qxd8+ Nxd8 56. Re1 1-0

[Event "*** SCC Grand Prix: Titled Tuesday Blitz"]
[Site "Chess.com"]
[Date "2020.09.08"]
[Round "4"]
[White "arminmusovic"]
[Black "Kaua18"]
[Result "1-0"]
[WhiteElo "2571"]
[BlackElo "2325"]
[TimeControl "180+1"]
[EndTime "10:39:47 PDT"]
[Termination "arminmusovic won by resignation"]

1. a3 Nf6 2. Nc3 d5 3. d3 e5 4. Bg5 Be7 5. e4 d4 6. Nce2 c5 7. h3 Nc6 8. f4 h6 9. Bxf6 Bxf6 10. Nf3 exf4 11. Nxf4 Ne5 12. g3 Be6 13. Nxe6 Nxf3+ 14. Qxf3 fxe6 15. Qh5+ g6 16. Qxg6+ Kd7 17. O-O-O Rf8 18. Kb1 Qe7 19. e5 Bxe5 20. Qe4 Bxg3 21. Qxb7+ Bc7 22.
Bg2 Rab8 23. Qxa7 Rf2 24. Be4 Kd6 25. Rhg1 Rb6 26. Rg8 Bd8 27. Qa4 Qc7 28. Qc4 Qb8 29. b3 Be7 30. Rxb8 Rxb8 31. Re1 Rh2 32. Bg2 e5 33. Qd5+ 1-0

[Event "*** SCC Grand Prix: Titled Tuesday Blitz"]
[Site "Chess.com"]
[Date "2020.09.08"]
[Round "4"]
[White "Martins-BR"]
[Black "juli2512"]
[Result "1-0"]
[WhiteElo "2265"]
[BlackElo "2034"]
[TimeControl "180+1"]
[EndTime "10:39:47 PDT"]
[Termination "Martins-BR won on time"]

1. e4 c5 2. Nf3 d6 3. d4 cxd4 4. Nxd4 Nf6 5. Nc3 Nc6 6. Bg5 e6 7. Qd2 Be7 8. O-O-O O-O 9. f4 Nxd4 10. Qxd4 Qa5 11.
Be2 Rd8 12. e5 dxe5 13. Qxe5 Qb6 14. Rxd8+ Bxd8 15. Rd1 Bd7 16. Bf3 Bc6 17. Bxc6 Qxc6 18. Qd4 Bb6 19. Qd2 Ne4 20. Nxe4 Qxe4 21. Kb1 h6 22. Be7 Be3 23. Qe2 Qxf4 24. Rf1 Qd4 25. Rf3 Bg5 26. Bxg5 hxg5 27. h3 Qg1+ 28. Rf1 Qd4 29.
a3 Rd8 30. Qf3 Rd7 31. Qg3 Qd5 32. Rf2 f6 33. Qb8+ Kf7 34. Qxa7 Qd1+ 35. Ka2 Qd5+ 36. b3 Qd1 37. Qa4 Rc7 38. Qe4 Rd7 39. Re2 Rd6 40. Qxb7+ Kg6 41. Qe4+ Kf7 42. Kb2 1-0

[Event "*** SCC Grand Prix: Titled Tuesday Blitz"]
[Site "Chess.com"]
[Date "2020.09.08"]
[Round "4"]
[White "Sn00pPawn"]
[Black "pooh2012"]
[Result "0-1"]
[WhiteElo "2022"]
[BlackElo "2363"]
[TimeControl "180+1"]
[EndTime "10:39:48 PDT"]
[Termination "pooh2012 won on time"]

1. d4 Nf6 2. c4 e6 3. Nf3 d5 4. g3 dxc4 5. Bg2 Bb4+ 6. Nbd2 O-O 7. Qc2 a6 8. O-O b5 9. Ne5 Ra7 10. e3 Bb7 11. a4 Bxg2 12. Kxg2 Rb7 13. axb5 axb5 14.
Kg1 Bd6 15. Ndf3 c5 16. Ra8 Qc7 17. Bd2 Ra7 18. Ra1 Rxa8 19. Rxa8 Qb7 20. Ra5 Nc6 21. Nxc6 Qxc6 22. dxc5 Bxc5 23. b3 Qxf3 24. bxc4 Ne4 25. Be1 b4 26. Rxc5 Nxc5 27. Bxb4 Rc8 28. Qd2 Ne4 29.
Qc2 Rxc4 30. Qa2 Rc8 0-1

[Event "*** SCC Grand Prix: Titled Tuesday Blitz"]
[Site "Chess.com"]
[Date "2020.09.08"]
[Round "4"]
[White "willc-h99"]
[Black "rududuyk"]
[Result "1-0"]
[WhiteElo "2427"]
[BlackElo "2146"]
[TimeControl "180+1"]
[EndTime "10:39:48 PDT"]
[Termination "willc-h99 won by resignation"]

1. d4 e6 2. Nf3 f5 3. g3 Nf6 4. Bg2 Be7 5. O-O O-O 6. c4 d6 7. Nc3 Ne4 8. Qc2 Nxc3 9. bxc3 Nc6 10. e4 e5 11. Ba3 fxe4 12. Qxe4 Bf5 13. Qd5+ Kh8 14.
dxe5 dxe5 15. Qxd8 Raxd8 16. Bxe7 Nxe7 17. Nxe5 c6 18. Rad1 Kg8 19. Rfe1 Nc8 20. c5 Bc2 21. Rc1 Bf5 22. Bf1 Rfe8 23. Bc4+ Kf8 24. f4 Rd2 25. Rcd1 Red8 26. Rxd2 Rxd2 27. Re2 Rd1+ 28. Kg2 Rc1 29. Rd2 Rxc3 30. Rd8+ Ke7 31. Rg8 Be4+ 32. Kh3 Bf5+ 33.
Kh4 g6 34. g4 Rxc4 35. Nxc4 Be6 36. Rh8 Bxc4 37. Rxc8 Bxa2 38. Rc7+ Ke6 39. Rxb7 a6 40.
Rxh7 Bc4 41. Rh6 Bd3 42. f5+ Kd5 43. fxg6 Kxc5 44. g7 Bc4 45. Rh8 a5 46. g8=Q Bxg8 47. Rxg8 a4 48. Ra8 Kb4 49. g5 c5 50. g6 c4 51. g7 c3 52. g8=Q c2 53. Qg1 1-0

[Event "*** SCC Grand Prix: Titled Tuesday Blitz"]
[Site "Chess.com"]
[Date "2020.09.08"]
[Round "4"]
[White "fireheart92"]
[Black "poummba"]
[Result "1-0"]
[WhiteElo "2862"]
[BlackElo "2531"]
[TimeControl "180+1"]
[EndTime "10:39:51 PDT"]
[Termination "fireheart92 won on time"]

1. b3 g6 2. Bb2 Nf6 3. g4 Bg7 4. g5 Nh5 5. Bxg7 Nxg7 6. Nf3 h6 7. gxh6 Rxh6 8. Qc1 d6 9. Qb2 Kf8 10. d3 e5 11.
Nbd2 Nc6 12. h4 Kg8 13. O-O-O Bg4 14. Rg1 Qd7 15. d4 Bxf3 16. Nxf3 e4 17. Ng5 Rxh4 18. d5 Ne5 19. Qc3 Nf5 20. Bh3 Kg7 21. Bxf5 Qxf5 22. Qxc7 Qd7 23. Qc3 Rc8 24. Qd4 Qc7 25. Rd2 Qc3 26. Qxc3 Rxc3 27. Kb2 Rc5 28. c4 b5 29.
cxb5 Rxb5 30. Rd4 f5 31. Ne6+ Kf6 32. a4 Rb8 33. f4 exf3 34. Rxh4 fxe2 35. Rh3 g5 36.
Rh6+ 1-0

[Event "*** SCC Grand Prix: Titled Tuesday Blitz"]
[Site "Chess.com"]
[Date "2020.09.08"]
[Round "4"]
[White "Anton_Demchenko"]
[Black "Ba_clbaf_osed_ingo_3v21"]
[Result "1-0"]
[WhiteElo "2855"]
[BlackElo "2528"]
[TimeControl "180+1"]
[EndTime "10:39:52 PDT"]
[Termination "Anton_Demchenko won on time"]

1. e4 c5 2. Nf3 d6 3. d4 cxd4 4. Nxd4 Nf6 5. Nc3 a6 6. Be2 e5 7. Nb3 Be7 8. Be3 Be6 9. Qd3 Nbd7 10. Nd5 Bxd5 11. exd5 O-O 12. g4 Rc8 13. g5 Ne8 14. h4 b5 15. a4 Qc7 16. axb5 axb5 17. c3 Nc5 18. Nxc5 dxc5 19. Qxb5 Nd6 20. Qd3 c4 21.
Qc2 Qb7 22. Bf3 Rfe8 23. Ra7 Qb5 24. O-O e4 25. Bg4 Rcd8 26. Rd1 Nb7 27. Qa4 Qxb2 28. Qxc4 Nd6 29. Qc6 Qc2 30. Rc1 Qd3 31. c4 f5 32. gxf6 Bxf6 33. Rd7 Nf7 34. Be6 1-0

[Event "*** SCC Grand Prix: Titled Tuesday Blitz"]
[Site "Chess.com"]
[Date "2020.09.08"]
[Round "4"]
[White "Larina_Marija"]
[Black "MarceloPlaya"]
[Result "1-0"]
[WhiteElo "2092"]
[BlackElo "2354"]
[TimeControl "180+1"]
[EndTime "10:39:52 PDT"]
[Termination "Larina_Marija won by resignation"]

1. e4 e6 2. d4 d5 3. Nc3 Bb4 4. exd5 exd5 5. Bd3 Nf6 6. Ne2 Be6 7. O-O Nc6 8. h3 Qd7 9. Bf4 Bd6 10. Qd2 O-O-O 11. Bxd6 Qxd6 12. Nb5 Qd7 13. a4 Kb8 14. a5 Rdg8 15. a6 b6 16. Nf4 g5 17. Nxe6 fxe6 18.
Rfe1 h5 19. Qe3 Nd8 20. c4 h4 21. c5 g4 22. cxb6 axb6 23. a7+ Ka8 24. Qe5 Ne8 25.
hxg4 h3 26. gxh3 Rxh3 27. Kg2 Rh4 28. f3 Nd6 29. Nxd6 cxd6 30. Qg3 Rgh8 31. Rh1 Rxh1 32.
Rxh1 Rxh1 33. Kxh1 Kxa7 34. Kg2 Kb7 35. g5 Kc6 36. g6 Qg7 37. Qg5 e5 38. Qxd8 e4 39. Qc8+ Qc7 40. Qxc7+ Kxc7 41. fxe4 dxe4 42. Bxe4 1-0

[Event "*** SCC Grand Prix: Titled Tuesday Blitz"]
[Site "Chess.com"]
[Date "2020.09.08"]
[Round "4"]
[White "PSvidler"]
[Black "DenLaz"]
[Result "1/2-1/2"]
[WhiteElo "2922"]
[BlackElo "2748"]
[TimeControl "180+1"]
[EndTime "10:39:55 PDT"]
[Termination "Game drawn by agreement"]

1. e4 e5 2. Nf3 Nc6 3. Bb5 a6 4. Ba4 Nf6 5. O-O Be7 6. d3 b5 7.
Bb3 d6 8. a4 Bg4 9. c3 O-O 10.
h3 Bxf3 11. Qxf3 Na5 12. Bc2 b4 13. Be3 Rb8 14. Nd2 c5 15. Qe2 bxc3 16. bxc3 Rb2 17. Nf3 Qd7 18. Rfb1 Rfb8 19. Rxb2 Rxb2 20. Bc1 Rb6 21.
d4 cxd4 22. cxd4 Qc7 23. Be3 Rb2 24. Rc1 Nb3 25. Bxb3 Qxc1+ 26. Bxc1 Rxe2 27. Kf1 Rxe4 28. Bc2 Kf8 29. Bxe4 Nxe4 30. dxe5 dxe5 31. Nxe5 Nc5 32. Ke2 Nxa4 33. Nc6 Nc3+ 34. Kd3 Nd5 35. Kc4 Nf6 36. Be3 Ke8 37. Nb8 a5 38. Kb5 Nd5 39. Bd4 f6 40. Nc6 Bb4 41. g3 Kd7 42. Nxa5 Bxa5 43. Kxa5 Kc6 44.
Ka4 Nc7 1/2-1/2

[Event "*** SCC Grand Prix: Titled Tuesday Blitz"]
[Site "Chess.com"]
[Date "2020.09.08"]
[Round "4"]
[White "vladislavkovalev"]
[Black "abykhovsky"]
[Result "0-1"]
[WhiteElo "2845"]
[BlackElo "2660"]
[TimeControl "180+1"]
[EndTime "10:39:55 PDT"]
[Termination "abykhovsky won by resignation"]

1. e4 c5 2. Be2 Nc6 3. d3 g6 4. f4 Bg7 5. Nf3 d6 6. O-O e6 7. c3 Nge7 8. Be3 O-O 9. d4 b6 10.
Nbd2 f5 11. dxc5 bxc5 12. exf5 gxf5 13. Nc4 Nd5 14. Qd2 Nxe3 15. Qxe3 d5 16. Nce5 Nxe5 17. Nxe5 Qb6 18. b3 Qc7 19. c4 Bxe5 20. fxe5 d4 21.
Qf4 Bb7 22. Bf3 Kh8 23. Bxb7 Qxb7 24. Rf3 Rg8 25. h3 Rg6 26. Raf1 Rag8 27. R1f2 Qg7 28. Qd2 Qxe5 29. Re2 Qg7 30. Kh1 a5 31. Rff2 Rg3 32. Qe1 e5 33. Qf1 f4 34. Rf3 d3 35. Rd2 e4 36. Rxf4 e3 37. Rf7 e2 38. Qf2 Qxf7 39. Qxf7 e1=Q+ 40. Kh2 Qxd2 41. Qf6+ R3g7 0-1

[Event "*** SCC Grand Prix: Titled Tuesday Blitz"]
[Site "Chess.com"]
[Date "2020.09.08"]
[Round "4"]
[White "SeedToTree"]
[Black "chessmachine14"]
[Result "1-0"]
[WhiteElo "2614"]
[BlackElo "2353"]
[TimeControl "180+1"]
[EndTime "10:39:55 PDT"]
[Termination "SeedToTree won on time"]

1. e4 c5 2. Nc3 Nc6 3. f4 d6 4. Nf3 g6 5. Bb5 Bg7 6. O-O Bd7 7. d3 Nd4 8. Bxd7+ Qxd7 9. Ne2 Nxf3+ 10. Rxf3 Nh6 11.
c3 O-O 12. f5 Ng4 13. Rg3 gxf5 14. Nf4 Kh8 15. Qf3 Rg8 16. Rh3 Be5 17. Bd2 Rg7 18. Nh5 fxe4 19. dxe4 Rag8 20. Nxg7 Rxg7 21. Rf1 Qe6 22.
b3 Qd7 23. Kh1 c4 24. Rh4 Qe6 25. bxc4 Qxc4 26. Qf5 Nf6 27. Bh6 Rg6 28. g3 Qe2 29. Qf2 Qd3 30. Qf3 Qc2 31. Rf2 Qb1+ 32. Kg2 Qb5 33.
Bf4 Bxf4 34. Rxf4 Qe5 35. Rf5 Qe6 36. Re2 b6 37. e5 dxe5 38. Rfxe5 Qd6 39. Rxe7 Kg7 40.
Rxa7 Qc5 41. Ree7 Qxc3 42. Rxf7+ Kh6 43. Qf4+ 1-0

[Event "*** SCC Grand Prix: Titled Tuesday Blitz"]
[Site "Chess.com"]
[Date "2020.09.08"]
[Round "4"]
[White "MestreSoares"]
[Black "freshfoodcompany"]
[Result "0-1"]
[WhiteElo "2096"]
[BlackElo "2332"]
[TimeControl "180+1"]
[EndTime "10:39:55 PDT"]
[Termination "freshfoodcompany won by resignation"]

1. Nf3 Nf6 2. b3 g6 3. Bb2 Bg7 4. e3 d6 5. d4 O-O 6. Be2 c6 7. O-O Nbd7 8. c4 Qa5 9. Nc3 e5 10. dxe5 dxe5 11. Qc2 Qc7 12. Rfd1 Nc5 13. Ba3 Bf5 14.
Qb2 Nfd7 15. Nh4 Be6 16. e4 Rfd8 17. Nf3 Nf6 18. Ng5 Nfd7 19. Nxe6 Nxe6 20. Bg4 Nd4 21. Ne2 Nf6 22. Nxd4 exd4 23. Bf3 Nd7 24. Qe2 d3 25. Qxd3 Bxa1 26. Rxa1 Ne5 27. Qe2 Nxf3+ 28. Qxf3 Qd7 29. h3 Qd4 30. Re1 Re8 31. Bb4 Rad8 32. Bc3 Qd6 33. Bf6 Rd7 34. e5 Qb4 35. Re3 Rd2 36. Qf4 Rxa2 37. h4 h5 38. Rg3 Kh7 39. Bg5 Qe1+ 40. Kh2 Rf8 41. Bf6 Rxf2 42. Qg5 Rf1 0-1

[Event "*** SCC Grand Prix: Titled Tuesday Blitz"]
[Site "Chess.com"]
[Date "2020.09.08"]
[Round "4"]
[White "PavelShkapenko"]
[Black "Orest_Vovk"]
[Result "1-0"]
[WhiteElo "2689"]
[BlackElo "2485"]
[TimeControl "180+1"]
[EndTime "10:39:57 PDT"]
[Termination "PavelShkapenko won by resignation"]

1. e4 g5 2. d4 g4 3. h3 gxh3 4. Nxh3 d5 5. exd5 Qxd5 6. Nc3 Qe6+ 7. Be3 Bh6 8. d5 Qe5 9. Qd4 Bg7 10.
O-O-O Qxd4 11. Bxd4 Bxd4 12. Rxd4 Bxh3 13. Rxh3 Nf6 14. Re3 Kf8 15. Nb5 Na6 16. Rc3 Rd8 17. Nxc7 Nb8 18. g3 a6 19. Rb3 Nc6 20. dxc6 Rxd4 21. cxb7 Nd7 22. b8=Q+ Nxb8 23. Rxb8+ Kg7 24. Rxh8 Kxh8 25. Nxa6 h5 26. Bd3 h4 27. gxh4 Rf4 28.
b4 Rxf2 29. b5 Rf6 30. a4 e5 31. a5 Re6 32. b6 e4 33. b7 exd3 34. b8=Q+ Kg7 35. Qg3+ Kf8 36. Qxd3 Re1+ 37. Kd2 Re7 38. Nc5 Kg7 39. a6 Ra7 40. Qd4+ 1-0

[Event "*** SCC Grand Prix: Titled Tuesday Blitz"]
[Site "Chess.com"]
[Date "2020.09.08"]
[Round "4"]
[White "thedjoker98"]
[Black "Mikheev1976"]
[Result "0-1"]
[WhiteElo "2595"]
[BlackElo "2398"]
[TimeControl "180+1"]
[EndTime "10:39:57 PDT"]
[Termination "Mikheev1976 won by resignation"]

1. d4 Nf6 2. c4 c6 3. Nc3 d5 4.
cxd5 cxd5 5. Bf4 Nc6 6. e3 Bf5 7. Nf3 e6 8. Qb3 Bb4 9. Ne5 Bxc3+ 10. bxc3 Qb6 11. Nxc6 bxc6 12. Be2 O-O 13. O-O Ne4 14. Rfc1 Nd2 15. Qd1 Nc4 16. Bxc4 dxc4 17. Bd6 Rfd8 18. Bb4 Bd3 19. Qf3 Qb5 20. a4 Qd5 21. Qg3 Rab8 22.
f3 a5 23. Ba3 Rb3 24. e4 Qd7 25. h4 h6 26. Kh2 Qa7 27. Ra2 Qb8 28. e5 Qb7 29.
Bd6 Rb2 30. Rxb2 Qxb2 31. Be7 Qxc1 32. Bxd8 Qxc3 33. Bf6 Bg6 34. h5 gxf6 35. hxg6 Qxd4 36.
exf6 Qxf6 37. gxf7+ Kxf7 38. Qc7+ Kg6 39. Qxa5 Qf4+ 40. Kg1 Qd4+ 41. Kf1 c3 42. g4 Qc4+ 43.
Ke1 c2 44. Qh5+ Kg7 45. Qe5+ Kf7 46. Qf4+ Qxf4 0-1

[Event "*** SCC Grand Prix: Titled Tuesday Blitz"]
[Site "Chess.com"]
[Date "2020.09.08"]
[Round "4"]
[White "CrazyMartian"]
[Black "KarstenHansch"]
[Result "0-1"]
[WhiteElo "2304"]
[BlackElo "2477"]
[TimeControl "180+1"]
[EndTime "10:39:58 PDT"]
[Termination "KarstenHansch won on time"]

1. d4 d5 2. Bf4 Nf6 3. e3 e6 4.
Nd2 Bd6 5. Bg3 O-O 6. Ngf3 b6 7. c3 c5 8. Bd3 Ba6 9. Bxa6 Nxa6 10. Qe2 Nb8 11. O-O Nc6 12. a3 Bxg3 13. hxg3 Qc7 14. dxc5 bxc5 15. e4 d4 16. cxd4 Nxd4 17. Nxd4 cxd4 18.
Nf3 e5 19. Rac1 Qe7 20. Qb5 Ng4 21. Qc5 Qe6 22. Qc4 Qh6 23. Rfd1 Kh8 24. Qc2 f6 25. Qd2 Qh5 26. Rc7 h6 27. Nh4 g5 28. Nf3 f5 29.
Qb4 Rae8 30. Qb7 Nf6 31. exf5 e4 32. g4 Qxg4 33. Rxd4 Qxf5 34. Ne1 e3 35. f3 e2 36. Rd6 Qb1 0-1

[Event "*** SCC Grand Prix: Titled Tuesday Blitz"]
[Site "Chess.com"]
[Date "2020.09.08"]
[Round "4"]
[White "Rodchenkov_Vitalij"]
[Black "Spriteball"]
[Result "1-0"]
[WhiteElo "2575"]
[BlackElo "2258"]
[TimeControl "180+1"]
[EndTime "10:39:59 PDT"]
[Termination "Rodchenkov_Vitalij won by resignation"]

1. d4 d5 2. Nf3 Nf6 3. c4 c6 4.
e3 e6 5. b3 Bb4+ 6. Nbd2 Nbd7 7. Bd3 O-O 8. O-O b6 9. Bb2 Bb7 10. e4 dxe4 11. Nxe4 Nxe4 12. Bxe4 Nf6 13. Bd3 Be7 14.
Qc2 c5 15. dxc5 Bxf3 16. gxf3 Bxc5 17. Rad1 Qe7 18. Qe2 Rad8 19. f4 Qc7 20. Bxf6 gxf6 21. Qh5 f5 22. Qg5+ Kh8 23. Qf6+ Kg8 24. Kh1 Rfe8 25. Qh6 Bd4 26. Bxf5 Bg7 27. Qxh7+ Kf8 28. Rg1 Rxd1 29. Qxg7+ Ke7 30. Rxd1 exf5 31. Qe5+ Qxe5 32. fxe5 Ke6 33. f4 Rg8 34. h3 Rg3 35. Kh2 Rf3 36. Rd6+ Ke7 37. Rd4 Rf2+ 38. Kg3 Rxa2 39. b4 a5 40. bxa5 bxa5 41. Rd6 a4 42. Ra6 a3 43. Kh4 Rc2 44. Rxa3 Rxc4 45. Kg5 Rc1 46. Kxf5 Rh1 47. Ra7+ Kf8 48. Kf6 1-0

[Event "*** SCC Grand Prix: Titled Tuesday Blitz"]
[Site "Chess.com"]
[Date "2020.09.08"]
[Round "4"]
[White "Zarinur"]
[Black "UmarovSabir"]
[Result "1-0"]
[WhiteElo "2133"]
[BlackElo "2360"]
[TimeControl "180+1"]
[EndTime "10:40:00 PDT"]
[Termination "Zarinur won on time"]

1. e4 g6 2. d4 Bg7 3. Nf3 c6 4.
Be3 d5 5. e5 Qb6 6. b3 Nh6 7.
Bd3 Bf5 8. Bxh6 Bxh6 9. Bxf5 gxf5 10. e6 fxe6 11. Ne5 O-O 12. O-O Bg7 13. Nc3 Bxe5 14.
dxe5 Nd7 15. Re1 Kh8 16. Ne2 f4 17. Nd4 c5 18. Nf3 Rg8 19. h4 Raf8 20. Ng5 Rf5 21.
Qh5 Nf8 22. Qh6 Rg6 23. Qh5 Kg7 24. Qf3 h6 25. Nh3 Qc7 26. Nxf4 Rxe5 27. Nxg6 Nxg6 28. Rxe5 Qxe5 29. Rd1 Nxh4 30. Qh3 Nf5 31. Rd3 Qf6 32. Rf3 1-0